 Dungeon Crawl Stone Soup version 0.28-a0-1406-ga8dd43b1d0 (webtiles) character file.

Game seed: 11285827396891438043

1454 Jepp2078 the Skirmisher (level 9, -7/68 HPs)
             Began as a Djinni Ice Elementalist on Jan 6, 2022.
             Was an Initiate of Makhleb.
             Mangled by a vampire (8 damage)
             ... on level 6 of the Dungeon.
             The game lasted 00:22:51 (8605 turns).

Jepp2078 the Skirmisher (Djinni Ice Elementalist)   Turns: 8605, Time: 00:22:51

Health: -7/68      AC: 11    Str:  7    XL:     9   Next: 5%
Gold:   285        EV: 10    Int: 20    God:    Makhleb [......] SH:  9 Dex: 13

rFire   + + .      SeeInvis .   c - +3 dagger (vamp)
rCold   x . .      Faith    .   r - +1 kite shield
rNeg    . . .      Spirit   .   a - +0 robe
rPois   ∞          Reflect  .   (no helmet)
rElec   +          Harm     .   (no cloak)
rCorr   .          Rampage  .   (no gloves)
Will    .....                   (boots unavailable)
Stlth   ++........              (no amulet)
HPRegen 0.21/turn               (no ring)
MPRegen 0.00/turn               (no ring)

@: ice-armoured, attractive, flying, hasted, very quick
A: sickness immunity, fire resistance 2, cold vulnerability 1, float, innate
caster, hp casting, extra vitality 1, iridescent scales 1, clumsy 1, electricity
resistance
a: Renounce Religion


You were on level 6 of the Dungeon.
You worshipped Makhleb.
Makhleb was noncommittal.
You visited 2 branches of the dungeon, and saw 7 of its levels.

You collected 285 gold pieces.

Inventory:

Hand Weapons
 c - a +3 vampiric dagger (weapon)
Missiles
 i - a throwing net
Armour
 a - a +0 robe (worn)
 r - a +1 kite shield (worn)
Wands
 k - a wand of iceblast (3)
Scrolls
 d - a scroll of noise {unknown}
 e - a scroll of blinking
 n - a scroll of teleportation
 p - a scroll of identify
Potions
 b - a potion of haste
 f - a potion of flight
 g - 2 potions of lignification
 h - a potion of mutation


   Skills:
 + Level 7.0 Fighting
 - Level 2.1 Dodging
 - Level 1.5 Stealth
 + Level 2.8 Shields
 + Level 6.4 Spellcasting


You couldn't memorise any spells.
You knew the following spells:

 Your Spells              Type           Power      Damage    Failure   Level
a - Freeze                Ice            100%       1d11      2%          1
b - Frozen Ramparts       Ice            64%        1d8       7%          3
c - Ozocubu's Armour      Ice            32%        N/A       7%          3
d - Hailstorm             Conj/Ice       32%        3d8       22%         4
e - Magic Dart            Conj           100%       1d8       2%          1
f - Corpse Rot            Necr/Air       64%        N/A       3%          2
g - Dazzling Flash        Conj/Hex       64%        N/A       7%          3
h - Airstrike             Air            16%        N/A       22%         4
Your spell library was empty.

Dungeon Overview and Level Annotations

Branches:
Dungeon (6/15)             Temple (1/1) D:6

Altars:
Cheibriados
Dithmenos
Elyvilon
Fedhas
Gozag
Hepliaklqana
Makhleb
Nemelex Xobeh
Okawaru
Qazlal
Sif Muna
Trog
Uskayaw
Vehumet
Wu Jian
Yredelemnul
Zin

Shops:
D:5 [   D:6 [


Innate Abilities, Weirdness & Mutations

You are immune to sickness and miasma.
You are immune to poison.
Your flesh is very heat resistant. (rF++)
You are vulnerable to cold. (rC-)
You float through the air rather than walking.
You learn spells naturally, not from books.
Your magical power is your life essence.
You have superior vitality. (+4 MHP)
You are partially covered in iridescent scales. (AC +2)
You are clumsy. (Dex -2)
You are resistant to electric shocks. (rElec)


Message History

Something hits you but does no damage. Something bites you.
* * * LOW HITPOINT WARNING * * *
Hit: c) +3 dagger (vamp)
Press: ? - help, Dir - move target You hit something but do no damage.
Something hits you but does no damage. Something bites you.
* * * LOW HITPOINT WARNING * * *
Aiming: Freeze (safe; 2% risk of failure)
Press: ? - help, Q - select action, (/) - cycle Shift-Dir - straight line You freeze something.
* * * LOW HITPOINT WARNING * * *
You hear some strange, mumbled words.
Something tries to affect you, but you resist.
It was a potion of attraction.
You feel attractive to monsters. Something hits you.
* * * LOW HITPOINT WARNING * * *
Something bites you but does no damage.
You feel yourself speed up. Something hits you!
* * * LOW HITPOINT WARNING * * *
You block something's attack.
Aiming: Freeze (safe; 2% risk of failure)
Press: ? - help, Q - select action, (/) - cycle Shift-Dir - straight line You freeze something.
* * * LOW HITPOINT WARNING * * *
Aiming: Freeze (safe; 2% risk of failure)
Press: ? - help, Q - select action, (/) - cycle Shift-Dir - straight line You freeze something.
* * * LOW HITPOINT WARNING * * *
You block something's attack. x2
You don't have enough health to cast this spell.
Your icy armour will break if you move.
Continue?
Okay, then.
You don't have enough health to cast this spell.
Your icy armour will break if you move.
Continue?
Okay, then.
Hit: c) +3 dagger (vamp)
Press: ? - help, Dir - move target You miss something.
Something hits you!
You die...

#.........* #.# #.#...#.#
#.#######.* ##+## ##.##...# #.#
*,*##...## #.###### #.#####
#,##.....## #.#### #.....#
#.#.......###.##.##
#.#...###......."..##.#...#####
#..................+...........
#.............{....##.#....####
#.#######.#...@...#*#......#
#.# #.##....^## ####...# ##.#
#.###...## ##.## #..# #.# ##'##
#.# ##.# #.# #.# #.# #.#
#.####.# #.#
#.#######....#.##########.#
#.........................#
#.#####................[..#


There were no monsters in sight!

Vanquished Creatures
  Grinder (D:5)
  2 black bears
  A necrophage (D:6)
  An ogre (D:5)
  A centaur (D:3)
  A kobold brigand (D:6)
  A scorpion (D:6)
  A wyvern skeleton (D:6)
  A jelly (D:6)
  A howler monkey (D:5)
  A bullfrog zombie (D:5)
  A bullfrog skeleton (D:3)
  6 hounds
  Ijyb (D:5)
  An iguana (D:6)
  2 orc wizards
  A killer bee zombie (D:4)
  7 gnolls
  2 howler monkey skeletons
  4 adders
  A worm (D:2)
  6 dart slugs
  12 orcs
  10 endoplasms
  A giant cockroach (D:4)
  5 goblins
  3 hobgoblins
  8 jackals
  4 quokkas
  5 ball pythons
  3 bats (D:2)
  6 frilled lizards
  6 kobolds
  4 rats
111 creatures vanquished.

Vanquished Creatures (others)
  5 plants (D:4)
5 creatures vanquished.

Grand Total: 116 creatures vanquished

Notes
Turn   | Place    | Note
-------+----------+-------------------------------------------
     0 | D:1      | Jepp2078 the Djinni Ice Elementalist began the quest for
                  | the Orb.
     0 | D:1      | Reached XP level 1. HP: 15/15 MP: 0/0
   472 | D:1      | Reached XP level 2. HP: 18/22 MP: 0/0
   474 | D:1      | Reached skill level 1 in Fighting
  1044 | D:1      | Reached XP level 3. HP: 23/27 MP: 0/0
  1044 | D:1      | Learned a level 1 spell: Magic Dart
  1665 | D:2      | Reached skill level 2 in Fighting
  1793 | D:2      | Reached XP level 4. HP: 28/33 MP: 0/0
  2353 | D:2      | Found a faded altar of an unknown god.
  2460 | D:2      | Found a white marble altar of Elyvilon.
  2842 | D:3      | Reached skill level 3 in Fighting
  2842 | D:3      | Reached XP level 5. HP: 1/40 MP: 0/0
  2842 | D:3      | Learned a level 2 spell: Corpse Rot
  3410 | D:3      | Noticed a centaur
  4057 | D:3      | Reached XP level 6. HP: 41/46 MP: 0/0
  4190 | D:3      | Reached skill level 4 in Fighting
  4481 | D:4      | Noticed a black bear
  4912 | D:4      | Found a shadowy altar of Dithmenos.
  5024 | D:4      | Found a glowing silver altar of Zin.
  5228 | D:4      | Killed a black bear
  5229 | D:4      | Reached skill level 5 in Spellcasting
  5229 | D:4      | Reached XP level 7. HP: 18/53 MP: 0/0
  5229 | D:4      | Learned a level 3 spell: Dazzling Flash
  5530 | D:5      | Entered Level 5 of the Dungeon
  5530 | D:5      | Found a sparkling altar of Nemelex Xobeh.
  5530 | D:5      | Found a hide-covered altar of Uskayaw.
  5550 | D:5      | Noticed Grinder
  5573 | D:5      | Gained mutation: You are clumsy. (Dex -2) [potion of
                  | mutation]
  5573 | D:5      | Gained mutation: You are partially covered in iridescent
                  | scales. (AC +2) [potion of mutation]
  5573 | D:5      | Gained mutation: You are resistant to electric shocks.
                  | (rElec) [potion of mutation]
  5583 | D:5      | Killed Grinder
  5584 | D:5      | Reached skill level 5 in Fighting
  5958 | D:5      | Found a white marble altar of Elyvilon.
  5972 | D:5      | Reached XP level 8. HP: 57/61 MP: 0/0
  6012 | D:5      | Noticed Ijyb
  6022 | D:5      | Killed Ijyb
  6030 | D:5      | Found an opulent altar of Gozag.
  6042 | D:5      | HP: 2/61 [adder (4)]
  6507 | D:5      | Reached skill level 6 in Fighting
  6627 | D:5      | Found Epruin's Antique Armour Emporium.
  6904 | D:5      | Noticed a troll
  6904 | D:5      | Noticed a troll
  7243 | D:6      | Reached skill level 1 in Shields
  7423 | D:6      | Found Ulexav's Antique Armour Shop.
  7437 | D:6      | Identified the +0 plate armour of Time Monsters {Harm Dex+4
                  | Slay+3}
  7713 | D:6      | Found an ornate altar of the Wu Jian Council.
  7738 | D:6      | Found a staircase to the Ecumenical Temple.
  7748 | Temple   | Entered the Ecumenical Temple
  8013 | Temple   | Became a worshipper of Makhleb the Destroyer
  8294 | D:6      | Reached XP level 9. HP: 61/67 MP: 0/0
  8294 | D:6      | Learned a level 4 spell: Airstrike
  8475 | D:6      | Reached skill level 7 in Fighting
  8602 | D:6      | HP: 3/68 [something (7)]
  8605 | D:6      | Mangled by a vampire

Illustrated notes

Levels and vault maps discovered:
D:1:      saegor_arrival_simple_b, layout_rooms
D:2:      layout_basic, basic_altar, shapermc_ecumenical_altar_flowoftime,
          minmay_cut_off
D:3:      layout_basic, minmay_misc_feat_more_columns
D:4:      layout_cave_pools, zin_treasury, nicolae_dithmenos_the_darkroom,
          serial_glass, glass_columns_a, glass_columns_a, serial_bayou_lagoon_b
D:5:      layout_cave_pools, grunt_temple_overflow_open, serial_shops,
          nicolae_shop_window_shopping, grunt_ministairs_10, hex_medium,
          lightli_corner_chamber, uniq_ijyb, uniq_grinder
D:6:      layout_loops_corners, nicolae_wu_jian_wuxing_cycle,
          minmay_temple_entry_poolview, serial_shops, shop
Temple:   compressed_dpeg_triangle_lava_temple

Skill      XL: |  1  2  3  4  5  6  7  8  9 |
---------------+----------------------------+-----
Fighting       | 1 2 3 4 5 6 7 |  7.0
Spellcasting   | 4 5 6 |  6.4
Shields        | 2 |  2.8
Dodging        | |  2.1
Stealth        | |  1.5

Action                   |  1- 3 |  4- 6 |  7- 9 || total
-------------------------+-------+-------+-------++-------
Melee: Dagger            |    23 |    12 |     6 ||    41
       Punch             |       |     1 |       ||     1
 Cast: Freeze            |    13 |    34 |    37 ||    84
       Magic Dart        |    40 |   111 |   136 ||   287
       Frozen Ramparts   |       |     1 |     2 ||     3
       Dazzling Flash    |       |       |     3 ||     3
       Ozocubu's Armour  |       |       |     1 ||     1
  Use: Potion            |       |       |     6 ||     6
       Scroll            |       |       |    10 ||    10
Armor: Robe              |     5 |     8 |    14 ||    27
       Skin              |       |       |     2 ||     2
Dodge: Dodged            |    20 |    30 |    29 ||    79
Block: Kite shield       |       |       |    14 ||    14

Table legend: (Time is in decaauts)
 A = Elapsed time spent in this place.
 B = Non-inter-level travel time spent in this place.
 C = Inter-level travel time spent in this place.
 D = Time resting spent in this place.
 E = Time spent auto-exploring this place.
 F = Levels seen in this place.
 G = Mean time per level.
                   A        B        C        D        E       F      G
               +--------+--------+--------+--------+--------+-----+--------+
         Total |   8593 |   8266 |    327 |    157 |   7128 |   7 | 1227.6 |
       Dungeon |   8309 |   8025 |    284 |    157 |   6899 |   6 | 1384.8 |
        Temple |    283 |    240 |     43 |      0 |    229 |   1 |  283.0 |
               +--------+--------+--------+--------+--------+-----+--------+

Top non-repeatable levels by time:
     D:2: 1996 daAuts
     D:3: 1467 daAuts
     D:6: 1229 daAuts
     D:5: 1223 daAuts
     D:1: 1215 daAuts
     D:4: 1177 daAuts
  Temple: 283 daAuts
